 Dungeon Crawl Stone Soup version 0.29.0-13-gc9e81de378 (webtiles) character file.

Game seed: 3691259705047787807

1065 SnakkuSnakku7 the Thrower (level 8, -1/69 (70) HPs)
             Began as an Ogre Enchanter on Sept 8, 2022.
             Was a Follower of Elyvilon.
             Slain by an orc
             ... wielding a +0 war axe
              (8 damage)
             ... on level 7 of the Dungeon.
             The game lasted 00:07:46 (7423 turns).

SnakkuSnakku7 the Thrower (Ogre Enchanter)          Turns: 7423, Time: 00:07:47

HP:   -1/69 (70)    AC:  3    Str: 13    XL:     8   Next: 27%
MP:   11/11         EV: 10    Int: 16    God:    Elyvilon [*.....]
Gold: 239           SH:  5    Dex: 11    Spells: 11/11 levels left

rFire   . . .      SeeInvis +   a - +5 mace
rCold   . . .      Faith    .   (no shield)
rNeg    + . .      Spirit   .   b - +0 robe
rPois   .          Reflect  +   (helmet restricted)
rElec   .          Harm     .   (no cloak)
rCorr   .          Rampage  .   (gloves unavailable)
Will    .....                   (boots unavailable)
Stlth   ++........              m - amulet of reflection
HPRegen 0.21/turn               j - ring of see invisible
MPRegen 0.12/turn               B - ring of positive energy

@: studying Ranged Weapons, lightly drained
A: large, unfitting armour, tough skin 1
a: Renounce Religion, Purification


You were on level 7 of the Dungeon.
You worshipped Elyvilon.
Elyvilon was aware of your devotion.
You visited 2 branches of the dungeon, and saw 8 of its levels.

You collected 239 gold pieces.

Inventory:

Hand Weapons
 a - a +5 mace (weapon)
 x - a +1 vorpal spear
 E - a +1 dagger of venom
 F - a +4 spear of venom
 H - a +1 dagger
Missiles
 d - 4 large rocks
 u - 4 boomerangs (quivered)
 I - 3 poisoned darts
Armour
 b - a +0 robe (worn)
Jewellery
 j - a ring of see invisible (left hand)
 m - an amulet of reflection (around neck)
 z - an amulet of magic regeneration
 B - a ring of positive energy (right hand)
 D - a ring of resist corrosion
Wands
 G - a wand of iceblast (15)
Scrolls
 g - 2 scrolls of identify {unknown}
 n - 2 scrolls of enchant weapon {unknown}
 o - a scroll of magic mapping {unknown}
 q - a scroll of enchant armour {unknown}
 t - a scroll of noise {unknown}
 v - 2 scrolls of torment {unknown}
 y - 2 scrolls of teleportation {unknown}
 C - a scroll of amnesia {unknown}
 J - a scroll of silence {unknown}
Potions
 c - 2 potions of invisibility
 e - a potion of cancellation {unknown}
 f - 2 potions of attraction {unknown}
 h - 3 potions of curing {unknown}
 i - 2 potions of brilliance {unknown}
 k - 2 potions of resistance {unknown}
 l - a potion of ambrosia {unknown}
 p - a potion of magic {unknown}
 r - 2 potions of heal wounds {unknown}
 s - 2 potions of lignification {unknown}
 w - a potion of might {unknown}
 A - a potion of mutation {unknown}


   Skills:
 - Level 1.5 Fighting
 - Level 0.8 Short Blades
 + Level 1.5 Maces & Flails
 - Level 9.0 Throwing
 - Level 1.7 Dodging
 - Level 2.1 Stealth
 - Level 2.4 Spellcasting
 - Level 2.6 Hexes


You had 11 spell levels left.
You didn't know any spells.
Your spell library contained the following spells:

 Spells                   Type           Power      Damage    Failure   Level
 Ensorcelled Hibernation  Hex/Ice        12%        N/A       17%         2
 Magic Dart               Conj           4%         1d3       21%         1
 Confusing Touch          Hex            10%        N/A       21%         3
 Tukima's Dance           Hex            10%        N/A       21%         3
 Poisonous Vapours        Pois/Air       2%         N/A       30%         2
 Searing Ray              Conj           2%         2d4       30%         2
 Dazzling Flash           Conj/Hex       12%        N/A       34%         3
 Fulminant Prism          Conj/Hex       3%         3d6       75%         4
 Corpse Rot               Necr/Pois/Air  1%         N/A       89%         4


Dungeon Overview and Level Annotations

Branches:
Dungeon (7/15)             Temple (1/1) D:5

Altars:
Ashenzari
Cheibriados
Dithmenos
Elyvilon
Fedhas
Gozag
Hepliaklqana
Nemelex Xobeh
Okawaru
Ru
Sif Muna
Trog
Uskayaw
Vehumet
Wu Jian
Yredelemnul
Zin
The Shining One

Shops:
D:1 (   D:6 (   D:7 :

Annotations:
D:5 2 transporters, js3's ghost, amateur DECj


Innate Abilities, Weirdness & Mutations

You are too large for most types of armour.
You have tough skin. (AC +1)


Message History

The orc is moderately wounded.
The orc priest looks encouraged for a moment.
The orc closely misses you. The orc hits you with a +0 short sword.
Unknown command.
You thump the orc!
You kill the orc!
The orc priest invokes the aid of Beogh against you.
Beogh smites you! The orc hits you with a +0 war axe.
You block the orc's attack.
You hit the orc priest.
The orc priest is moderately wounded.
The orc priest hits you with a +0 mace. The orc barely misses you.
Unknown command.
You closely miss the orc priest.
The orc priest is moderately wounded.
The orc priest hits you with a +0 mace. You block the orc's attack.
You hit the orc priest but do no damage.
You punch the orc priest.
The orc priest is heavily wounded.
The orc priest closely misses you. The orc barely misses you.
The orc hits you with a +0 war axe.
The orc priest mumbles some strange prayers to Beogh against you.
Beogh smites you!
* * * LOW HITPOINT WARNING * * *
You hit the orc priest.
The orc priest is heavily wounded.
The orc priest casts a cantrip, but nothing happens.
The orc hits you with a +0 war axe!
* * * LOW HITPOINT WARNING * * *
You hit the orc priest.
The orc priest is severely wounded.
You block the orc's attack. The orc priest hits you with a +0 mace.
* * * LOW HITPOINT WARNING * * *
Unknown command.
You thump the orc priest!
You kill the orc priest!
The orc hits you with a +0 war axe.
* * * LOW HITPOINT WARNING * * *
The orc hits you with a +0 war axe!
You die...

#...⌠.⌠.##
###......#
...# ######.#
...# #.#####
...# #.....#
...# ##....#
...# #...^#
...#
#....##)..#.#
#....#@o....#
#....#.######
#...)#.#
#......#
#....###
###+##


You could see an orc.

Vanquished Creatures
  A steam dragon (D:6)
  An ice beast (D:6)
  2 centaurs
  A scorpion (D:5)
  4 wights (D:6)
  An orc priest (D:7)
  2 hounds
  A jelly (D:4)
  3 iguanas
  2 orc wizards
  10 adders
  4 dart slugs
  7 orcs
  8 endoplasms
  4 giant cockroaches
  9 goblins
  4 hobgoblins
  4 jackals (D:3)
  4 quokkas
  10 ball pythons
  8 bats
  6 frilled lizards
  5 kobolds
  4 rats
105 creatures vanquished.

Notes
Turn   | Place    | Note
-------+----------+-------------------------------------------
     0 | D:1      | SnakkuSnakku7 the Ogre Enchanter began the quest for the
                  | Orb.
     0 | D:1      | Reached XP level 1. HP: 16/16 MP: 3/3
    19 | D:1      | Reached skill level 1 in Fighting
   147 | D:1      | Reached XP level 2. HP: 27/27 MP: 5/5
   165 | D:1      | Reached skill level 1 in Throwing
   256 | D:1      | Found Aceunats's Antique Weapon Shop.
   555 | D:1      | Reached skill level 2 in Throwing
   997 | D:2      | Reached XP level 3. HP: 29/33 MP: 6/6
  1072 | D:2      | Identified the +1 robe of the Hippo {rF- Will+ Stlth+}
  1915 | D:2      | Reached skill level 3 in Throwing
  2148 | D:2      | Reached XP level 4. HP: 24/41 MP: 7/7
  3382 | D:3      | Reached skill level 4 in Throwing
  3942 | D:4      | Reached XP level 5. HP: 40/48 MP: 8/8
  4176 | D:4      | Reached skill level 5 in Throwing
  4505 | D:5      | Entered Level 5 of the Dungeon
  4505 | D:5      | Noticed a centaur
  4513 | D:5      | Killed a centaur
  4514 | D:5      | Reached XP level 6. HP: 40/55 MP: 9/9
  4800 | D:5      | Reached skill level 6 in Throwing
  5158 | D:5      | Found a staircase to the Ecumenical Temple.
  5190 | Temple   | Entered the Ecumenical Temple
  5264 | Temple   | Became a worshipper of Elyvilon the Healer
  5308 | D:5      | Noticed js3's ghost (amateur DECj)
  5316 | D:5      | Found a transporter.
  5393 | D:5      | Found a transporter.
  6128 | D:5      | Reached XP level 7. HP: 57/62 MP: 10/10
  6305 | D:6      | Reached * piety under Elyvilon
  6339 | D:6      | Reached skill level 7 in Throwing
  6683 | D:6      | Noticed a steam dragon
  6690 | D:6      | Killed a steam dragon
  6691 | D:6      | Reached skill level 8 in Throwing
  6722 | D:6      | Found Zes Ablu's Weapon Emporium.
  6785 | D:6      | Reached XP level 8. HP: 70/70 MP: 11/11
  7133 | D:6      | Reached skill level 9 in Throwing
  7190 | D:6      | Reached skill level 1 in Maces & Flails
  7365 | D:7      | Found Foureos's Vocational Training.
  7423 | D:7      | Slain by an orc

Illustrated notes

Levels and vault maps discovered:
D:1:      spicycebolla_arrival_ecumenical, layout_rooms, serial_shops, shop
D:2:      minmay_razor_zed, layout_loops_corners, minmay_misc_feat_roman,
          nicolae_kite_square_tiling_tiny
D:3:      layout_basic
D:4:      layout_cave_pools
D:5:      layout_basic, temple_statues, gammafunk_ghost_stat_death
D:6:      layout_cave_pools, serial_shops, nicolae_shop_bloodbath_and_beyond
D:7:      layout_basic, minmay_crystal_room, nicolae_shop_vocational
Temple:   mainiacjoe_temple_coin_purse

Skill      XL: |  1  2  3  4  5  6  7  8 |
---------------+-------------------------+-----
Fighting       | 1 |  1.5
Throwing       | 2 3 4 5 6 8 9 |  9.0
Maces & Flails | 1 |  1.5
Short Blades   | |  0.8
Dodging        | |  1.7
Stealth        | |  2.1
Spellcasting   | |  2.4
Hexes          | |  2.6

Action                   |  1- 3 |  4- 6 |  7- 9 || total
-------------------------+-------+-------+-------++-------
Melee: Dagger            |   210 |    58 |    15 ||   283
       Punch             |     5 |     2 |     1 ||     8
       Spear             |       |   130 |    28 ||   158
       Mace              |       |       |    15 ||    15
Throw: Large rock        |     1 |       |    11 ||    12
       Boomerang         |       |    34 |    32 ||    66
 Stab: Sleeping          |     4 |     3 |       ||     7
Armor: Robe              |    58 |    52 |    14 ||   124
Dodge: Dodged            |    99 |   119 |    33 ||   251
Block: Other             |       |     6 |    20 ||    26
